 Dungeon Crawl Stone Soup version 0.29-a0-23-ga79f92ac9c (webtiles) character file.

Game seed: 16500179112189769325

37 Grim the Vexing (level 3, -4/30 HPs)
             Began as a Deep Elf Arcane Marksman on Jan 30, 2022.
             Slain by Natasha (6 damage)
             ... on level 1 of the Dungeon.
             The game lasted 00:04:28 (1704 turns).

Grim the Vexing (Deep Elf Arcane Marksman)          Turns: 1704, Time: 00:04:28

Health: -4/30      AC: 21    Str:  7    XL:     3   Next: 23%
Magic:  7/7        EV:  2    Int: 19    God:
Gold:   7          SH:  0    Dex: 15    Spells: 4/5 levels left

rFire   . . .      SeeInvis .   b - +0 dagger
rCold   . . .      Faith    .   (no shield)
rNeg    . . .      Spirit   .   (armour currently unavailable)
rPois   +          Reflect  .   (helmet currently unavailable)
rElec   .          Harm     .   (cloak currently unavailable)
rCorr   .          Rampage  .   (gloves currently unavailable)
Will    .....      NoTele   +   (boots currently unavailable)
Stlth   +.........              (no amulet)
HPRegen 0.10/turn               (no ring)
MPRegen 0.10/turn               (no ring)

@: tree-form
A: stationary, stasis, torment immunity, boosted hp
a: no special abilities


You were on level 1 of the Dungeon.
You were a tree.
You visited 1 branch of the dungeon, and saw 2 of its levels.

You collected 7 gold pieces.

Inventory:

Hand Weapons
 a - a +0 shortbow
 b - a +0 dagger (weapon)
Armour
 f - a +0 robe
 g - a +0 pair of boots (melded)
 i - a +2 robe of the Archmagi (melded)
Scrolls
 d - 3 scrolls of noise {unknown}
 e - a scroll of brand weapon {unknown}
Potions
 h - a potion of lignification


   Skills:
 - Level 0.7 Fighting
 * Level 4.3 Bows
 - Level 2.4 Dodging
 - Level 1.5 Spellcasting
 + Level 4.6 Hexes


You had 4 spell levels left.
You knew the following spells:

 Your Spells              Type           Power      Damage    Failure   Level
a - Slow                  Hex            76%        N/A       2%          1

Your spell library contained the following spells:

 Spells                   Type           Power      Damage    Failure   Level
 Animate Skeleton         Necr           2%         N/A       19%         1
 Pain                     Necr           4%         1d4       19%         1
 Inner Flame              Hex/Fire       10%        N/A       21%         3
 Portal Projectile        Hex/Tloc       20%        N/A       21%         3
 Cause Fear               Hex            9%         N/A       26%         4
 Vampiric Draining        Necr           1%         2d6       47%         3


Dungeon Overview and Level Annotations

Branches:
Dungeon (2/15)

Altars:

Annotations:
D:1 Natasha


Message History

Natasha casts a spell at you. The magic dart hits you.
* * * LOW HITPOINT WARNING * * *
There is an open door here.
You see here a frilled lizard corpse.
You close the door.
You start resting.
Natasha, Servant of Life and Death opens the door.
You close the door.
Natasha opens the door.
You are too injured to fight recklessly!
Fire: arrow
Press: ? - help, Q - select action, (/) - cycle Shift-Dir - straight line, f/p - Natasha
Aim: Natasha (slow, 53% to hit)
You shoot an arrow. The arrow closely misses Natasha.
Natasha is no longer moving slowly.
Natasha casts a spell at you. You resist with some effort.
It was a potion of lignification.
You turn into a tree.
Your +0 pair of boots melds into your body.
Your +2 robe of the Archmagi melds into your body.
You feel strangely numb.
Your roots penetrate the ground.
Really attack while wielding your +0 shortbow? [Y]es or [N]o only, please.
Really attack while wielding your +0 shortbow? [Y]es or [N]o only, please.
Really attack while wielding your +0 shortbow? [Y]es or [N]o only, please.
Really attack while wielding your +0 shortbow?
Okay, then.
b - a +0 dagger (weapon)
Natasha claws you but does no damage.
You closely miss Natasha. Natasha claws you but does no damage.
You hit Natasha.
Natasha is lightly wounded.
Natasha claws you.
* * * LOW HITPOINT WARNING * * *
You barely miss Natasha.
Natasha is lightly wounded.
Natasha claws you.
You die...

#.################### #.#.# #..
#.# #.#.# ### #.#
#################.#.##### #.#
#........................ #.#
##'###############...####. #.#
#.....# #......#. ##'#####.....#
#..###.#. .......#.....##########
#..###.#. .......).>...'†h♣.....#
#......#.
.......#.....########.####.###.#.
.......#.....########..# #.###...
.......###.....h....##.###.......
.......# #.########.##..##.......
######## #.# #.###.##....... #.#
#(# #.##......# ###'#### #.#
#..#......# #......# #.#
##.#......#


You could see Natasha.

Vanquished Creatures
  4 dart slugs
  A bat (D:1)
  3 endoplasms (D:1)
  A giant cockroach (D:2)
  4 goblins (D:1)
  3 jackals (D:1)
  2 ball pythons
  3 frilled lizards (D:1)
  2 kobolds (D:1)
  7 rats
30 creatures vanquished.

Notes
Turn   | Place    | Note
-------+----------+-------------------------------------------
     0 | D:1      | Grim the Deep Elf Arcane Marksman began the quest for the
                  | Orb.
     0 | D:1      | Reached XP level 1. HP: 11/11 MP: 5/5
   137 | D:1      | Reached XP level 2. HP: 16/16 MP: 4/6
   524 | D:1      | Found a faded altar of an unknown god.
  1243 | D:1      | Reached XP level 3. HP: 18/20 MP: 5/7
  1615 | D:2      | Noticed Natasha
  1704 | D:1      | Slain by Natasha

Illustrated notes

Levels and vault maps discovered:
D:1:      ebering_hopf_link, layout_basic, ebering_ecumenical_altar_webs
D:2:      layout_loops_ring, roderic_serpentine_path, nrook_loot_triangle,
          st_stairs_3, minmay_pentomino_p4, uniq_natasha

Skill      XL: |  1  2 |
---------------+-------+-----
Bows           | 3 4 |  4.3
Fighting       | |  0.7
Dodging        | |  2.4
Spellcasting   | |  1.5
Hexes          | |  4.6

Action                   || total
-------------------------++-------
Melee: Dagger            ||     5
 Fire: Shortbow          ||    92
 Cast: Slow              ||    16
  Use: Potion            ||     1
Armor: Robe              ||     4
       Skin              ||     2
Dodge: Dodged            ||    20

Table legend: (Time is in decaauts)
 A = Elapsed time spent in this place.
 B = Non-inter-level travel time spent in this place.
 C = Inter-level travel time spent in this place.
 D = Time resting spent in this place.
 E = Time spent auto-exploring this place.
 F = Levels seen in this place.
 G = Mean time per level.
                   A        B        C        D        E       F      G
               +--------+--------+--------+--------+--------+-----+--------+
         Total |   1709 |   1663 |     46 |    542 |    736 |   2 |  854.5 |
       Dungeon |   1709 |   1663 |     46 |    542 |    736 |   2 |  854.5 |
               +--------+--------+--------+--------+--------+-----+--------+

Top non-repeatable levels by time:
     D:1: 1608 daAuts
     D:2: 101 daAuts
